 Dungeon Crawl Stone Soup version 0.30-a0-161-gdd60e06945 (webtiles) character file.

Game seed: 16126930667459531827

9081 qw the Cleaver (level 11, -1/71 HPs)
             Began as a Gargoyle Fighter on Sept 27, 2022.
             Was an Elder of Okawaru.
             Slain by a white ugly thing (4 damage)
             ... on level 2 of the Abyss.
             The game lasted 00:03:55 (11003 turns).

qw the Cleaver (Gargoyle Fighter)                  Turns: 11003, Time: 00:03:55

Health: -1/71      AC: 29    Str: 21    XL:     11   Next: 40%
Magic:  14/15      EV:  9    Int: 13    God:    Okawaru [****..]
Gold:   525        SH:  6    Dex: 12    Spells: 10/10 levels left

rFire   . . .      SeeInvis .    Y - +3 war axe
rCold   + + .      Faith    .    c - +0 buckler
rNeg    + . .      Spirit   .    r - +0 plate armour
rPois   inf        Reflect  .    (no helmet)
rElec   +          Harm     .    (no cloak)
rCorr   .          Rampage  .    (no gloves)
Will    .....                    t - +2 pair of boots
Stlth   ..........               (no amulet)
HPRegen 0.21/turn                g - ring of protection from cold
MPRegen 0.14/turn                k - ring of protection from cold

@: on fire, about to teleport, heroic, glowing
A: sickness immunity, AC +8, negative energy resistance 1, electricity
resistance, torment resistance 1, petrification resistance, iridescent scales 1,
camouflage 1, agile 1, clever 1, wild magic 1
a: Renounce Religion, Heroism, Finesse


You were on level 2 of the Abyss.
You worshipped Okawaru.
Okawaru was greatly pleased with you.
You visited 2 branches of the dungeon, and saw 10 of its levels.
You visited the Abyss 1 time.
You also visited: Sewer.

You collected 525 gold pieces.


Innate Abilities, Weirdness & Mutations

You are immune to sickness and miasma.
Your stone body is resilient. (AC +8)
You are immune to poison.
You resist negative energy. (rN+)
You are resistant to electric shocks. (rElec)
You are resistant to unholy torment.
You are immune to petrification.
You are partially covered in iridescent scales. (AC +2)
Your skin changes colour to match your surroundings (Stealth+).
You are agile. (Dex +4, Str/Int -1)
Your mind is acute. (Int +4, Str/Dex -1)
Your spells are a little harder to cast, but a little more powerful.


   Skills:
 - Level 9.0(14.0) Fighting
 - Level 12.5(17.5) Axes
 + Level 2.6(7.6) Throwing
 - Level 7.8(12.8) Armour
 - Level 2.0(7.0) Dodging
 - Level 5.3(10.3) Shields
 + Level 5.9 Invocations


You had 10 spell levels left.
You didn't know any spells.
Your spell library was empty.

Inventory:

Hand Weapons
 q - a +0 flail
 Y - a +3 war axe (weapon)
Missiles
 b - 6 boomerangs (quivered)
 n - 6 javelins
Armour
 c - a +0 buckler (worn)
 r - a +0 plate armour (worn)
 t - a +2 pair of boots (worn)
Jewellery
 g - a ring of protection from cold (left hand)
 k - a ring of protection from cold (right hand)
Scrolls
 e - a scroll of teleportation
 f - a scroll of magic mapping {unknown}
 h - 3 scrolls of identify
Potions
 a - a potion of resistance
 d - 2 potions of might
 i - 2 potions of magic
 j - a potion of curing
 l - a potion of attraction
 m - 4 potions of heal wounds

Dungeon Overview and Level Annotations

Branches:
Dungeon (9/15)             Temple (1/1) D:6            Lair (0/5) D:9
    Orc (0/2) D:9           Sewer (visited)

Altars:
Ashenzari
Cheibriados
Fedhas
Gozag
Hepliaklqana
Kikubaaqudgha
Nemelex Xobeh
Okawaru
Qazlal
Ru
Sif Muna
Trog
Uskayaw
Vehumet
Wu Jian
Xom
Yredelemnul
Zin
The Shining One

Shops:
D:2 [

Portals:
Abyss: D:6

Annotations:
D:6 2 transporters, qw's ghost, novice GrFi
D:9 Erolcha


Message History

You hit the white ugly thing.
The white ugly thing is moderately wounded.
You closely miss the red very ugly thing.
The red very ugly thing barely misses you.
You closely miss the white ugly thing.
The white ugly thing is moderately wounded.
You closely miss the red very ugly thing.
The red very ugly thing gurgles horribly!
You slash the red very ugly thing!
You block the white ugly thing's attack.
You closely miss the white ugly thing.
The white ugly thing is moderately wounded.
You slash the red very ugly thing! You hit the red very ugly thing.
The red very ugly thing barely misses you.
The white very ugly thing basks in the mutagenic energy from its kin and changes!
The red very ugly thing bites you.
You barely miss the white ugly thing.
The white ugly thing is moderately wounded.
You hit the red very ugly thing but do no damage. x2
You block the white ugly thing's attack.
The red very ugly thing basks in the mutagenic energy from its kin and changes!
The red very ugly thing bites you but does no damage.
You slash the white ugly thing!
The white ugly thing is heavily wounded.
You hit the cyan very ugly thing but do no damage.
You hit the red very ugly thing. The white ugly thing stings you.
The white ugly thing freezes you! You resist.
You hit the white ugly thing.
The white ugly thing is heavily wounded.
You closely miss the red very ugly thing.
You closely miss the cyan very ugly thing.
The red very ugly thing bites you!
You are covered in liquid flames.
You are covered in liquid flames!
11003 ||| READING 2 scrolls of teleportation.
As you read the scroll of teleportation, it crumbles to dust.
You feel strangely unstable.
You feel the power of the Abyss delaying your translocation!
You are covered in liquid flames!
The white ugly thing stings you. The white ugly thing freezes you. You resist.
You die...

#........ . .
#...............
.................
.................
.#...............
............\....
................
.................
.......u@........
.#....uu........
........u........
.#...#..u.......
.#.# ##u......#..
.. u ......#....
# . ............
## .#####..##.


You could see 5 very ugly things and a white ugly thing.

Vanquished Creatures
  Erica (D:8)
  A two-headed ogre (D:9)
  A deep elf pyromancer (D:8)
  Psyche (D:9)
  A troll (D:9)
  A vampire (D:8)
  19 yaks
  2 water moccasins (D:9)
  2 black bears
  A sky beast (D:7)
  An orc warrior (D:8)
  4 ogres
  3 centaurs
  2 phantoms
  3 kobold brigands
  Blork the orc (D:5)
  8 bullfrogs
  A necrophage (D:5)
  5 scorpions
  5 killer bees (D:8)
  A howler monkey (D:5)
  3 lava snakes (D:7)
  4 hounds
  5 orc priests
  9 iguanas
  8 orc wizards
  A gnoll (D:5)
  10 adders
  2 river rats (Sewer)
  3 shadow imps
  3 white imps
  2 worms (D:2)
  8 dart slugs
  26 orcs
  2 ball pythons
  6 bats
  8 endoplasms
  5 giant cockroaches
  10 goblins
  4 hobgoblins
  3 jackals
  19 kobolds
  2 quokkas (D:2)
  3 frilled lizards
  8 rats
218 creatures vanquished.

Vanquished Creatures (others)
  A shadow imp (Temple)
  39 fungi
  39 plants
79 creatures vanquished.

Grand Total: 297 creatures vanquished

Notes
Turn   | Place    | Note
-------+----------+-------------------------------------------
     0 | D:1      | qw the Gargoyle Fighter began the quest for the Orb.
     0 | D:1      | Reached XP level 1. HP: 14/14 MP: 1/1
     0 | D:1      | 0 ||| qw: Version: 0.2-a-10-g37ed214
     0 | D:1      | 0 ||| qw: Game counter: 653
     0 | D:1      | 0 ||| qw: Always use a shield: true
     0 | D:1      | 0 ||| qw: God list: Okawaru
     0 | D:1      | 0 ||| qw: Allow faded altars: false
     0 | D:1      | 0 ||| qw: Do Orc after D:15 true
     0 | D:1      | 0 ||| qw: Do second Lair branch before Depths: true
     0 | D:1      | 0 ||| qw: Lair rune preference: random
     0 | D:1      | 0 ||| qw: Plans: Normal, Zot:1-4, God:TSO, Crypt, Tomb,
                  | Pan, Slime:5, Hells, Abyss, Orb
     0 | D:1      | 0 ||| PLANNING D:1-11
    62 | D:1      | Found a faded altar of an unknown god.
   162 | D:1      | 162 ||| Stepping ~*~*~tactically~*~*~ (hiding).
   168 | D:1      | Reached skill level 2 in Axes
   287 | D:1      | Reached XP level 2. HP: 14/19 MP: 2/2
  1243 | D:1      | 1243 ||| UPGRADING to +0 chain mail.
  1253 | D:1      | 1253 ||| DROPPING +0 scale mail.
  1254 | D:1      | 1254 ||| UPGRADING to ring of protection from cold.
  1255 | D:1      | 1255 ||| READING scroll labelled QOROMP HIETOTEKKA.
  1256 | D:1      | 1256 ||| READING 2 scrolls labelled DIORATAILI.
  1257 | D:1      | 1257 ||| READING scroll labelled ROOXTO SUOXIUXEAF.
  1261 | D:1      | 1261 ||| READING scroll labelled TOODDU FICIMEO.
  1262 | D:1      | 1262 ||| READING scroll labelled SEOSMY DABEUSCH.
  1263 | D:1      | 1263 ||| READING 3 scrolls labelled ILIOFO RENIU.
  1264 | D:1      | 1264 ||| DRINKING 2 orange potions.
  1276 | D:2      | Found Loirrumema's Armour Shoppe.
  1291 | D:2      | Reached skill level 3 in Axes
  1319 | D:2      | 1319 ||| FLEEEEING.
  1320 | D:2      | 1320 ||| FLEEEEING.
  1326 | D:2      | 1326 ||| STAIRDANCE
  1397 | D:2      | 1397 ||| SHOPLISTING +0 plate armour (299 gold, have 43).
  1397 | D:2      | 1397 ||| SHOPLISTING +1 cloak "Sappir Jeac" {rN+ Will+
                  | Str-4 Int+2} (287 gold, have 43).
  1397 | D:2      | 1397 ||| SHOPLISTING +1 scale mail "Laguzxosh" {+Blink
                  | Will- rCorr Dex+8} (535 gold, have 43).
  1397 | D:2      | 1397 ||| SHOPLISTING +2 buckler of Cowardice {rN+} (334
                  | gold, have 43).
  1397 | D:2      | 1397 ||| SHOPLISTING +3 chain mail "Tairph" {rF+ Str-5
                  | SInv} (353 gold, have 43).
  1397 | D:2      | 1397 ||| SHOPLISTING +5 scale mail "Heulyfiu" {Int+5} (604
                  | gold, have 43).
  1397 | D:2      | 1397 ||| SHOPLISTING +6 plate armour "Dirhon" {-Tele Str+4
                  | Stlth+} (834 gold, have 43).
  1410 | D:2      | Reached XP level 3. HP: 23/23 MP: 3/3
  1663 | D:2      | Reached XP level 4. HP: 23/28 MP: 4/4
  1776 | D:2      | 1776 ||| Stepping ~*~*~tactically~*~*~ (stealth).
  1995 | D:2      | Reached skill level 4 in Axes
  2172 | D:2      | 2172 ||| READING 2 scrolls labelled LOOVIG SICLIM.
  2173 | D:2      | 2173 ||| DRINKING 2 viscous cyan potions.
  2173 | D:2      | Gained mutation: You are agile. (Dex +4, Str/Int -1)
                  | [potion of mutation]
  2173 | D:2      | Gained mutation: You sometimes lose your temper in combat.
                  | [potion of mutation]
  2173 | D:2      | Gained mutation: You passively map a small area around you.
                  | [potion of mutation]
  2174 | D:2      | 2174 ||| DRINKING potion of mutation.
  2174 | D:2      | Lost mutation: You sometimes lose your temper in combat.
                  | [potion of mutation]
  2174 | D:2      | Lost mutation: You passively map a small area around you.
                  | [potion of mutation]
  2174 | D:2      | Gained mutation: Your spells are a little harder to cast,
                  | but a little more powerful. [potion of mutation]
  2174 | D:2      | Gained mutation: Your skin changes colour to match your
                  | surroundings (Stealth+). [potion of mutation]
  2174 | D:2      | Gained mutation: You are partially covered in iridescent
                  | scales. (AC +2) [potion of mutation]
  2174 | D:2      | Gained mutation: Your mind is acute. (Int +4, Str/Dex -1)
                  | [potion of mutation]
  2175 | D:2      | 2175 ||| DROPPING scroll of fog.
  2215 | D:3      | 2215 ||| PLANNING SEWER
  2215 | D:3      | 2215 ||| STAIRDANCE
  2223 | D:3      | 2223 ||| STAIRDANCE
  2305 | D:3      | Found a glowing drain.
  2306 | D:3      | 2306 ||| READING 2 scrolls of identify.
  2306 | D:3      | 2306 ||| IDENTIFYING bubbling sapphire potion
  2308 | D:3      | 2308 ||| FLEEEEING.
  2309 | D:3      | 2309 ||| FLEEEEING.
  2310 | D:3      | 2310 ||| FLEEEEING.
  2311 | D:3      | 2311 ||| FLEEEEING.
  2312 | D:3      | 2312 ||| FLEEEEING.
  2341 | D:3      | 2341 ||| FLEEEEING.
  2342 | D:3      | 2342 ||| FLEEEEING.
  2343 | D:3      | 2343 ||| FLEEEEING.
  2344 | D:3      | 2344 ||| FLEEEEING.
  2354 | D:3      | 2354 ||| READING scroll labelled YCWUEPNUPHI.
  2356 | D:3      | 2356 ||| FLEEEEING.
  2367 | D:3      | 2367 ||| FLEEEEING.
  2368 | D:3      | 2368 ||| FLEEEEING.
  2369 | D:3      | 2369 ||| FLEEEEING.
  2370 | D:3      | 2370 ||| FLEEEEING.
  2371 | D:3      | 2371 ||| FLEEEEING.
  2374 | D:3      | 2374 ||| FLEEEEING.
  2375 | D:3      | 2375 ||| FLEEEEING.
  2376 | D:3      | 2376 ||| FLEEEEING.
  2377 | D:3      | 2377 ||| FLEEEEING.
  2378 | D:3      | 2378 ||| FLEEEEING.
  2390 | D:3      | 2390 ||| FLEEEEING.
  2391 | D:3      | 2391 ||| FLEEEEING.
  2392 | D:3      | 2392 ||| FLEEEEING.
  2394 | D:3      | 2394 ||| FLEEEEING.
  2395 | D:3      | 2395 ||| FLEEEEING.
  2396 | D:3      | 2396 ||| FLEEEEING.
  2398 | D:3      | 2398 ||| FLEEEEING.
  2399 | D:3      | 2399 ||| FLEEEEING.
  2400 | D:3      | 2400 ||| FLEEEEING.
  2401 | D:3      | 2401 ||| FLEEEEING.
  2402 | D:3      | 2402 ||| FLEEEEING.
  2403 | D:3      | 2403 ||| STAIRDANCE
  2408 | D:3      | 2408 ||| STAIRDANCE
  2440 | D:3      | 2440 ||| FLEEEEING.
  2520 | D:3      | 2520 ||| FLEEEEING.
  2521 | D:3      | 2521 ||| FLEEEEING.
  2522 | D:3      | 2522 ||| FLEEEEING.
  2523 | D:3      | 2523 ||| FLEEEEING.
  2524 | D:3      | 2524 ||| FLEEEEING.
  2525 | D:3      | 2525 ||| Stepping ~*~*~tactically~*~*~ (hiding).
  2528 | D:3      | 2528 ||| Stepping ~*~*~tactically~*~*~ (hiding).
  2589 | D:3      | 2589 ||| Stepping ~*~*~tactically~*~*~ (stealth).
  2689 | Sewer    | Entered a sewer
  2700 | Sewer    | Reached XP level 5. HP: 22/32 MP: 5/5
  2847 | Sewer    | Noticed a kobold brigand
  2853 | Sewer    | Noticed a kobold brigand
  2862 | Sewer    | Killed a kobold brigand
  2863 | Sewer    | Reached skill level 5 in Axes
  2878 | Sewer    | Killed a kobold brigand
  2879 | Sewer    | Reached skill level 1 in Dodging
  2879 | Sewer    | Reached XP level 6. HP: 14/37 MP: 6/6
  3096 | Sewer    | Found a white marble altar of Elyvilon.
  3137 | D:3      | 3137 ||| PLANNING D:1-11
  3288 | D:3      | 3288 ||| Stepping ~*~*~tactically~*~*~ (stealth).
  3289 | D:3      | 3289 ||| Stepping ~*~*~tactically~*~*~ (stealth).
  3304 | D:3      | 3304 ||| Stepping ~*~*~tactically~*~*~ (stealth).
  3317 | D:3      | 3317 ||| Stepping ~*~*~tactically~*~*~ (stealth).
  3320 | D:3      | 3320 ||| Stepping ~*~*~tactically~*~*~ (hiding).
  4237 | D:3      | Found a bloodstained altar of Trog.
  4275 | D:3      | Found a sacrificial altar of Ru.
  4466 | D:3      | 4466 ||| UPGRADING to amulet of guardian spirit.
  4471 | D:3      | 4471 ||| READING scroll labelled EMUSHOAPPE.
  4472 | D:3      | 4472 ||| READING 2 scrolls of identify.
  4472 | D:3      | 4472 ||| IDENTIFYING lumpy brown potion
  4473 | D:3      | 4473 ||| DRINKING potion of experience.
  4473 | D:3      | Reached skill level 12 in Axes
  4473 | D:3      | Reached XP level 7. HP: 44/44 MP: 7/7
  4518 | D:4      | 4518 ||| Stepping ~*~*~tactically~*~*~ (stealth).
  4528 | D:4      | Reached XP level 8. HP: 48/48 MP: 8/8
  4688 | D:4      | Found a blossoming altar of Fedhas.
  4706 | D:4      | Found a stormy altar of Qazlal.
  4736 | D:4      | 4736 ||| Stepping ~*~*~tactically~*~*~ (stealth).
  4819 | D:4      | 4819 ||| Stepping ~*~*~tactically~*~*~ (stealth).
  4820 | D:4      | 4820 ||| Stepping ~*~*~tactically~*~*~ (stealth).
  4821 | D:4      | 4821 ||| Stepping ~*~*~tactically~*~*~ (stealth).
  4829 | D:4      | 4829 ||| Stepping ~*~*~tactically~*~*~ (stealth).
  5041 | D:4      | 5041 ||| Stepping ~*~*~tactically~*~*~ (stealth).
  5386 | D:4      | 5386 ||| Stepping ~*~*~tactically~*~*~ (stealth).
  5414 | D:4      | Reached skill level 1 in Throwing
  5461 | D:4      | 5461 ||| DRINKING 2 metallic clear potions.
  5462 | D:4      | 5462 ||| READING 2 scrolls of identify.
  5462 | D:4      | 5462 ||| IDENTIFYING fizzy blue potion
  5463 | D:4      | 5463 ||| DROPPING potion of degeneration.
  5464 | D:4      | 5464 ||| DROPPING potion of berserk rage.
  5558 | D:5      | Entered Level 5 of the Dungeon
  5657 | D:5      | 5657 ||| Stepping ~*~*~tactically~*~*~ (stealth).
  5658 | D:5      | 5658 ||| Stepping ~*~*~tactically~*~*~ (stealth).
  5674 | D:5      | Noticed Blork the orc
  5675 | D:5      | 5675 ||| Stepping ~*~*~tactically~*~*~ (stealth).
  5693 | D:5      | Killed Blork the orc
  5781 | D:5      | Reached skill level 6 in Fighting
  5872 | D:5      | Found a hide-covered altar of Uskayaw.
  5905 | D:5      | 5905 ||| Stepping ~*~*~tactically~*~*~ (stealth).
  5910 | D:5      | Reached XP level 9. HP: 52/55 MP: 7/9
  5959 | D:5      | Found a hazy altar of Hepliaklqana.
  6292 | D:5      | Found a broken altar of Ashenzari.
  6315 | D:5      | 6315 ||| Stepping ~*~*~tactically~*~*~ (hiding).
  6503 | D:5      | 6503 ||| READING scroll labelled PAOWAGH TEAXT.
  6504 | D:5      | 6504 ||| DRINKING 2 cyan potions.
  7000 | D:6      | Found a transporter.
  7000 | D:6      | Found a one-way gate to the infinite horrors of the Abyss.
  7000 | D:6      | Noticed qw's ghost (novice GrFi)
  7001 | D:6      | 7001 ||| DROPPING +0 mace.
  7020 | D:6      | Found a transporter.
  7028 | D:6      | Found a staircase to the Ecumenical Temple.
  7029 | D:6      | 7029 ||| PLANNING TEMPLE
  7037 | Temple   | Entered the Ecumenical Temple
  7037 | Temple   | Noticed an orange demon
  7037 | Temple   | Noticed an Executioner
  7037 | Temple   | Noticed a hellwing
  7038 | Temple   | Noticed Maid the pandemonium lord
  7038 | Temple   | Noticed a cacodemon
  7038 | Temple   | Noticed Makeu the pandemonium lord
  7041 | Temple   | Noticed a rust devil
  7041 | Temple   | Noticed Ypil the pandemonium lord
  7041 | Temple   | Noticed an orange demon
  7041 | Temple   | Noticed a smoke demon
  7082 | Temple   | Noticed Korih the pandemonium lord
  7083 | Temple   | Noticed a red devil
  7091 | Temple   | 7091 ||| PLANNING OKAWARU WORSHIP
  7097 | Temple   | Noticed Boebitof the pandemonium lord
  7099 | Temple   | Noticed a reaper
  7101 | Temple   | Noticed a shadow demon
  7108 | Temple   | Noticed a soul eater
  7116 | Temple   | Noticed Qugiwuxt the pandemonium lord
  7159 | Temple   | Became a worshipper of Warmaster Okawaru
  7160 | Temple   | 7160 ||| PLANNING D:1-11
  7160 | Temple   | 7160 ||| REMOVING amulet of guardian spirit.
  7165 | Temple   | 7165 ||| DROPPING amulet of guardian spirit.
  7432 | D:6      | 7432 ||| FLEEEEING.
  7433 | D:6      | 7433 ||| FLEEEEING.
  7434 | D:6      | 7434 ||| FLEEEEING.
  7436 | D:6      | 7436 ||| FLEEEEING.
  7437 | D:6      | 7437 ||| FLEEEEING.
  7438 | D:6      | 7438 ||| FLEEEEING.
  7439 | D:6      | 7439 ||| FLEEEEING.
  7440 | D:6      | 7440 ||| STAIRDANCE
  7970 | D:6      | Found a glowing silver altar of Zin.
  7971 | D:6      | 7971 ||| Stepping ~*~*~tactically~*~*~ (hiding).
  7972 | D:6      | 7972 ||| Stepping ~*~*~tactically~*~*~ (hiding).
  7973 | D:6      | 7973 ||| Stepping ~*~*~tactically~*~*~ (hiding).
  7975 | D:6      | 7975 ||| Stepping ~*~*~tactically~*~*~ (hiding).
  8281 | D:6      | 8281 ||| DRINKING 2 sedimented sapphire potions.
  8282 | D:6      | 8282 ||| READING 2 scrolls of identify.
  8282 | D:6      | 8282 ||| IDENTIFYING smoky puce potion
  8283 | D:6      | 8283 ||| DROPPING potion of ambrosia.
  8369 | D:7      | Found an ornate altar of the Wu Jian Council.
  8613 | D:7      | 8613 ||| Stepping ~*~*~tactically~*~*~ (stealth).
  8614 | D:7      | 8614 ||| FLEEEEING.
  8685 | D:7      | 8685 ||| Stepping ~*~*~tactically~*~*~ (stealth).
  8715 | D:7      | 8715 ||| FLEEEEING.
  8716 | D:7      | 8716 ||| FLEEEEING.
  8717 | D:7      | 8717 ||| FLEEEEING.
  8924 | D:7      | Reached * piety under Okawaru
  8976 | D:7      | 8976 ||| UPGRADING to ring of protection from cold.
  8977 | D:7      | 8977 ||| DRINKING 2 golden potions.
  8978 | D:7      | 8978 ||| DROPPING potion of invisibility.
  8996 | D:8      | Noticed Erica
  8997 | D:8      | 8997 ||| INVOKING Heroism.
  9006 | D:8      | Killed Erica
  9043 | D:8      | 9043 ||| Stepping ~*~*~tactically~*~*~ (stealth).
  9048 | D:8      | 9048 ||| INVOKING Heroism.
  9054 | D:8      | Reached XP level 10. HP: 60/64 MP: 8/12
  9064 | D:8      | Reached skill level 3 in Invocations
  9071 | D:8      | Reached ** piety under Okawaru
  9098 | D:8      | 9098 ||| INVOKING Heroism.
  9121 | D:8      | 9121 ||| FLEEEEING.
  9122 | D:8      | 9122 ||| FLEEEEING.
  9123 | D:8      | 9123 ||| FLEEEEING.
  9124 | D:8      | 9124 ||| FLEEEEING.
  9125 | D:8      | 9125 ||| FLEEEEING.
  9129 | D:8      | 9129 ||| FLEEEEING.
  9130 | D:8      | 9130 ||| FLEEEEING.
  9131 | D:8      | 9131 ||| FLEEEEING.
  9132 | D:8      | 9132 ||| STAIRDANCE
  9243 | D:8      | 9243 ||| SWAPPING to +3 war axe.
  9244 | D:8      | 9244 ||| DROPPING +1 war axe.
  9248 | D:8      | 9248 ||| Stepping ~*~*~tactically~*~*~ (hiding).
  9254 | D:8      | 9254 ||| INVOKING Heroism.
  9301 | D:8      | Noticed a deep elf pyromancer
  9311 | D:8      | 9311 ||| INVOKING Heroism.
  9313 | D:8      | Killed a deep elf pyromancer
  9720 | D:8      | 9720 ||| Stepping ~*~*~tactically~*~*~ (hiding).
  9753 | D:8      | 9753 ||| Stepping ~*~*~tactically~*~*~ (stealth).
  9785 | D:8      | Found a flagged portal.
  9796 | D:8      | 9796 ||| Stepping ~*~*~tactically~*~*~ (stealth).
  9798 | D:8      | 9798 ||| INVOKING Heroism.
  9833 | D:8      | 9833 ||| FLEEEEING.
  9834 | D:8      | 9834 ||| FLEEEEING.
  9835 | D:8      | 9835 ||| FLEEEEING.
  9836 | D:8      | 9836 ||| FLEEEEING.
  9842 | D:8      | 9842 ||| FLEEEEING.
  9843 | D:8      | 9843 ||| FLEEEEING.
  9844 | D:8      | 9844 ||| FLEEEEING.
  9845 | D:8      | 9845 ||| FLEEEEING.
  9846 | D:8      | 9846 ||| FLEEEEING.
  9847 | D:8      | 9847 ||| FLEEEEING.
  9848 | D:8      | 9848 ||| FLEEEEING.
  9849 | D:8      | 9849 ||| FLEEEEING.
  9850 | D:8      | 9850 ||| FLEEEEING.
  9851 | D:8      | 9851 ||| FLEEEEING.
  9852 | D:8      | 9852 ||| FLEEEEING.
  9853 | D:8      | 9853 ||| FLEEEEING.
  9854 | D:8      | 9854 ||| FLEEEEING.
  9856 | D:8      | 9856 ||| FLEEEEING.
  9857 | D:8      | 9857 ||| FLEEEEING.
  9858 | D:8      | 9858 ||| FLEEEEING.
  9859 | D:8      | 9859 ||| FLEEEEING.
  9860 | D:8      | 9860 ||| FLEEEEING.
  9861 | D:8      | 9861 ||| FLEEEEING.
  9862 | D:8      | 9862 ||| FLEEEEING.
  9868 | D:8      | 9868 ||| FLEEEEING.
  9869 | D:8      | 9869 ||| FLEEEEING.
  9870 | D:8      | 9870 ||| FLEEEEING.
  9970 | D:8      | 9970 ||| DRINKING 3 potions of curing.
  9970 | D:8      | 9970 ||| (to cure confusion)
 10075 | D:8      | 10075 ||| INVOKING Heroism.
 10080 | D:8      | Reached *** piety under Okawaru
 10081 | D:8      | Reached skill level 9 in Fighting
 10130 | D:8      | Found a glowing golden altar of the Shining One.
 10453 | D:8      | 10453 ||| UPGRADING to +0 plate armour.
 10463 | D:8      | 10463 ||| DROPPING +0 chain mail.
 10464 | D:8      | 10464 ||| UPGRADING to +0 pair of boots.
 10469 | D:8      | 10469 ||| READING 2 scrolls of enchant armour.
 10469 | D:8      | 10469 ||| ENCHANTING +0 pair of boots.
 10470 | D:8      | 10470 ||| READING scroll of enchant armour.
 10470 | D:8      | 10470 ||| ENCHANTING +1 pair of boots.
 10471 | D:8      | 10471 ||| READING 2 scrolls labelled XOSMUOTEEJ.
 10472 | D:8      | 10472 ||| DRINKING 2 black potions.
 10473 | D:8      | 10473 ||| DRINKING 3 grey potions.
 10474 | D:8      | 10474 ||| DROPPING 2 potions of brilliance.
 10475 | D:8      | 10475 ||| DROPPING scroll of amnesia.
 10537 | D:9      | 10537 ||| STAIRDANCE
 10564 | D:9      | 10564 ||| STAIRDANCE
 10566 | D:8      | 10566 ||| INVOKING Heroism.
 10570 | D:8      | Reached skill level 6 in Armour
 10587 | D:8      | Reached XP level 11. HP: 56/71 MP: 14/14
 10685 | D:9      | 10685 ||| INVOKING Heroism.
 10694 | D:9      | Reached **** piety under Okawaru
 10713 | D:9      | Found a staircase to the Orcish Mines.
 10716 | D:9      | 10716 ||| Stepping ~*~*~tactically~*~*~ (stealth).
 10717 | D:9      | 10717 ||| Stepping ~*~*~tactically~*~*~ (stealth).
 10719 | D:9      | Noticed Psyche
 10720 | D:9      | 10720 ||| Stepping ~*~*~tactically~*~*~ (stealth).
 10721 | D:9      | 10721 ||| Stepping ~*~*~tactically~*~*~ (stealth).
 10736 | D:9      | 10736 ||| Stepping ~*~*~tactically~*~*~ (hiding).
 10738 | D:9      | 10738 ||| INVOKING Heroism.
 10746 | D:9      | Killed Psyche
 10788 | D:9      | Noticed a two-headed ogre
 10789 | D:9      | 10789 ||| INVOKING Heroism.
 10799 | D:9      | Killed a two-headed ogre
 10799 | D:9      | Received a gift from Okawaru
 10799 | D:9      | Received a gift from Okawaru
 10855 | D:9      | 10855 ||| Stepping ~*~*~tactically~*~*~ (stealth).
 10861 | D:9      | 10861 ||| Stepping ~*~*~tactically~*~*~ (stealth).
 10907 | D:9      | 10907 ||| Stepping ~*~*~tactically~*~*~ (stealth).
 10918 | D:9      | Found a staircase to the Lair.
 10932 | D:9      | Noticed Erolcha
 10933 | D:9      | 10933 ||| INVOKING Heroism.
 10934 | D:9      | 10934 ||| DRINKING 2 potions of curing.
 10934 | D:9      | 10934 ||| (to cure confusion)
 10958 | D:9      | 10958 ||| INVOKING Heroism.
 10959 | Abyss:2  | Cast into level 2 of the Abyss (Erolcha)
 10986 | Abyss:2  | Noticed a red ugly thing
 10987 | Abyss:2  | 10987 ||| Stepping ~*~*~tactically~*~*~ (stealth).
 10988 | Abyss:2  | 10988 ||| INVOKING Heroism.
 10990 | Abyss:2  | Noticed a red very ugly thing
 10993 | Abyss:2  | Noticed a red very ugly thing
 10993 | Abyss:2  | Noticed a red very ugly thing
 10993 | Abyss:2  | Noticed a red very ugly thing
 10994 | Abyss:2  | 10994 ||| Stepping ~*~*~tactically~*~*~ (stealth).
 10995 | Abyss:2  | Noticed a red very ugly thing
 11002 | Abyss:2  | HP: 13/71 [red very ugly thing (16)]
 11003 | Abyss:2  | 11003 ||| READING 2 scrolls of teleportation.
 11003 | Abyss:2  | HP: 3/71 [white ugly thing (4)]
 11003 | Abyss:2  | Slain by a white ugly thing

Levels and vault maps discovered:
D:1:      minmay_arrival_doors, layout_loops_corners,
          dreamdust_ecumenical_altar_hidden_monk_grotto
D:2:      minmay_chambers_of_twos, layout_rooms, serial_shops, shop,
          serial_corexii_hall, chequers_hall_statues_corner_a,
          corexii_hall_statues_u, corexii_hall_statues_i
D:3:      layout_basic, nicolae_ru_the_path_less_chosen, lightli_temple_of_fire,
          cheibrodos_sewer_entry_drain, amcnicky_mini_corridor_feature,
          minmay_strange_pillars, chequers_serial_rivers_micro_e,
          minmay_misc_feat_square, st_stairs_3, grunt_ministairs_13,
          roderic_cross_of_infinity
D:4:      layout_basic, grunt_temple_overflow_forces_of_nature
D:5:      layout_cave_pools, eat_drink_and_be_merry_uskayaw,
          nicolae_ashenzari_panopticon, marbit_many_paths, uniq_blork_the_orc
D:6:      layout_layer_cave, mainiacjoe_overflow_small_starburst,
          temple_fountains, gammafunk_ghost_abyssal_escape
D:7:      layout_basic, kennysheep_mini, kennysheep_path_1
D:8:      kennysheep_big_flooded_room, layout_basic, lemuel_crystal_altar,
          enter_bailey_5, serial_park_tiny_1, amethyst_killhole, uniq_erica
D:9:      layout_rooms, due_lair_maze_entry_diamond,
          minmay_orc_entry_temple_small, serial_shops,
          nicolae_shop_hallway_plus, uniq_psyche, uniq_erolcha
Temple:   nicolae_temple_panitentiary
Abyss:2:  base:
Temple

Skill      XL: |  1  2  3  4  5  6  7  8  9 10 11 |
---------------+----------------------------------+-----
Axes           | 2 3 4 5 12 | 12.5
Dodging        | 1 2 |  2.0
Fighting       | 4 6 8 9 |  9.0
Throwing       | 1 2 |  2.6
Shields        | 4 5 |  5.3
Armour         | 4 6 7 |  7.8
Invocations    | 2 4 5 |  5.9

Action                   |  1- 3 |  4- 6 |  7- 9 | 10-12 || total
-------------------------+-------+-------+-------+-------++-------
Melee: War axe           |   100 |   120 |   263 |   238 ||   721
Throw: Boomerang         |       |    16 |    60 |    33 ||   109
Invok: Heroism           |       |       |     2 |    12 ||    14
  Use: Scroll            |     6 |     5 |     3 |     4 ||    18
       Potion            |     1 |     3 |     4 |     4 ||    12
 Stab: Invisible         |       |       |     1 |       ||     1
Armor: Scale mail        |     6 |       |       |       ||     6
       Chain mail        |    52 |    51 |   115 |    62 ||   280
       Plate armour      |       |       |       |    82 ||    82
Dodge: Dodged            |    50 |    37 |    70 |    62 ||   219
Block: Buckler           |    26 |    24 |    38 |    56 ||   144

Table legend:
 A = Non-vault XP
 B = Vault XP
 C = Vault XP percentage of total XP
 D = Non-vault monster count
 E = Vault monster count
 F = Vault count percentage of total count
                 A         B        C        D         E       F
            +---------+---------+-------+---------+---------+-------
      Total |    9086 |    3358 |  27.0 |     168 |      50 |  22.9
            +---------+---------+-------+---------+---------+-------
        D:1 |      22 |       0 |   0.0 |       8 |       0 |   0.0
        D:2 |      50 |      41 |  45.1 |      19 |       9 |  32.1
        D:3 |     197 |      12 |   5.7 |      17 |       6 |  26.1
        D:4 |     622 |       0 |   0.0 |      24 |       0 |   0.0
        D:5 |     661 |     108 |  14.0 |      23 |       2 |   8.0
        D:6 |     574 |       0 |   0.0 |      15 |       0 |   0.0
        D:7 |     745 |       0 |   0.0 |      12 |       0 |   0.0
        D:8 |    3768 |    1676 |  30.8 |      35 |       7 |  16.7
        D:9 |    2447 |    1281 |  34.4 |      15 |       9 |  37.5
      Sewer |       0 |     240 | 100.0 |       0 |      17 | 100.0
            +---------+---------+-------+---------+---------+-------
